AoeStats
← Lord_Wilfredo

Enclosed

504336517Analyzed
1v1 RM · 28d ago on Sep 4, 2026· 20m 32s· 2 players
Game mode
Random Map
Map size
Tiny (2 player)
Population
200
Speed
Normal
Resources
Standard
Victory
Conquest
Starting age
Dark Age
Ending age
Imperial Age
RankedLock teamsTeams togetherTeam positionsShared explorationLock speedFull tech treeHidden civsTurbo modeCheats
Victory
Defeat
🇦🇷 Mongols · Argentina
1254
+15
🇺🇸 Inca · United States
1234
-15
Non faux pa
8:48 Feudal Age
11:45 Loom
14:31 Horse Collar
15:20 Champi Runner
19:43 Fletching
20:41 Padded Archer Armor
Lord_Wilfredo
6:15 Loom
8:33 Feudal Age
9:26 Double-Bit Axe
15:13 Wheelbarrow
16:23 Fletching
16:34 Padded Archer Armor
Connection lost

Rejoining the realm…

Still unreachable

The connection could not be restored.

Session expired

The server has moved on; the page needs a fresh start.